 Dungeon Crawl Stone Soup version 0.19-a0-1498-g0b85ae9 (webtiles) character file.

210 Leszczynek the Cudgeler (level 5, -4/73 HPs)
             Began as an Ogre Necromancer on Sept 10, 2016.
             Was a Follower of Makhleb.
             Slain by a centaur (5 damage)
             ... on level 5 of the Dungeon.
             The game lasted 00:08:35 (1741 turns).

Leszczynek the Cudgeler (Ogre Necromancer)          Turns: 1741, Time: 00:08:36

Health: -4/73      AC: 22    Str: 19    XL:     5   Next: 87%
Magic:  8/8        EV:  1    Int: 14    God:    Makhleb [*.....]
Gold:   138        SH:  0    Dex: 10    Spells: 2 memorised, 6 levels left

rFire  . . .     SeeInvis .     a - +1 whip
rCold  . . .     Gourm    .     (armour currently unavailable)
rNeg   + + +     Faith    .     (no shield)
rPois  +         Spirit   .     (helmet currently unavailable)
rElec  .         Dismiss  .     (cloak currently unavailable)
rCorr  .         Reflect  .     (gloves unavailable)
MR     .....     Harm     .     (boots unavailable)
Stlth  +......... NoTele   +    (no amulet)
                                (no ring)
                                w - ring of loudness (curse)

@: mighty, tree-form
A: unfitting armour, (tough skin 0)
a: Renounce Religion


You were on level 5 of the Dungeon.
You worshipped Makhleb.
Makhleb was aware of your devotion.
You were not hungry.
You were a tree.
You visited 1 branch of the dungeon, and saw 5 of its levels.

You collected 138 gold pieces.

Inventory:

Hand Weapons
 a - a +1 whip (weapon)
 c - a +0 spear
Missiles
 t - 3 large rocks (quivered)
Armour
 f - a +0 robe (melded)
Jewellery
 w - a cursed ring of loudness (left branch)
Wands
 m - a wand of lightning (10/15)
Scrolls
 j - a scroll of fog
Potions
 h - a potion of haste {unknown}
 k - a potion of might
 n - a potion of mutation {unknown}
 o - a potion of curing {unknown}
 r - a potion of berserk rage {unknown}
Books
 b - a book of Necromancy

   Spells                             Type                      Level
   a - Pain                           Necromancy                   1
   b - Animate Skeleton               Necromancy                   1
   c - Vampiric Draining              Necromancy                   3
   d - Regeneration                   Charms/Necromancy            3
   e - Animate Dead                   Necromancy                   4
   f - Control Undead                 Necromancy                   4
Comestibles
 d - 3 bread rations
 p - 2 chunks of flesh
 u - a meat ration
 v - a beef jerky


   Skills:
 - Level 1.6 Fighting
 + Level 6.8 Maces & Flails
 - Level 1.7 Dodging
 - Level 1.5 Stealth
 - Level 2.4 Spellcasting
 - Level 2.9 Necromancy


You had 6 spell levels left.
You knew the following spells:

 Your Spells              Type           Power        Failure   Level  Hunger
a - Pain                  Necr           ##..         10%         1    #......
b - Animate Skeleton      Necr           N/A          10%         1    #......


Dungeon Overview and Level Annotations

Branches:
Dungeon (5/15)
 Temple: D:4-7

Altars:
Makhleb
Xom

Annotations:
D:2 Sigmund
D:3 Leszczynek's ghost, amateur OgNe
D:4 exclusion: worker ant, Leszczynek's ghost, amateur OgNe


Innate Abilities, Weirdness & Mutations

You are too large for most types of armour.
((You have tough skin. (AC +1)))


Message History

A centaur comes into view.
It was a potion of might.
You feel very mighty all of a sudden. The centaur hits you.
* * * LOW HITPOINT WARNING * * *
The centaur hits you.
* * * LOW HITPOINT WARNING * * *
Unknown command.
It was a potion of lignification.
You turn into a tree.
Your +0 robe melds into your body.
Your roots penetrate the ground.
The centaur hits you.
* * * LOW HITPOINT WARNING * * *
You hit the centaur.
The centaur is lightly wounded.
The centaur hits you but does no damage.
You whack the centaur!
The centaur is heavily wounded.
The centaur hits you but does no damage.
The centaur hits you.
You die...

##....._....#
#............^.
#.. #.......#
##''####......#
.......#....<.#
.......#...####...
#⌠.O#(.........
#..(..#####.##
#c♣'..+ #..)#..#
......#..#
........#..#
###++####..# ...#
..#


You could see an ogre and a centaur.

Vanquished Creatures
  A centaur (D:5)
  A centaur skeleton (D:5)
  4 adders
  An ooze (D:1)
  2 dart slugs
  2 giant geckos
  2 orcs
  4 goblins
  5 hobgoblins
  3 jackals (D:1)
  4 kobolds (D:1)
  2 quokkas (D:4)
  A ball python (D:1)
  A ball python skeleton (D:4)
  5 bats
  3 giant newts
  5 rats
46 creatures vanquished.

Vanquished Creatures (collateral kills)
  An adder (D:2)
  A giant cockroach (D:2)
  A goblin (D:2)
  A hobgoblin (D:2)
  A quokka (D:4)
  A rat (D:3)
6 creatures vanquished.

Grand Total: 52 creatures vanquished

Notes
Turn   | Place    | Note
-------+----------+-------------------------------------------
     0 | D:1      | Leszczynek the Ogre Necromancer began the quest for the Orb.
     0 | D:1      | Reached XP level 1. HP: 16/16 MP: 3/3
     2 | D:1      | Learned a level 1 spell: Animate Skeleton
    82 | D:1      | Reached skill level 1 in Fighting
   169 | D:1      | Reached skill level 1 in Maces & Flails
   169 | D:1      | Reached XP level 2. HP: 16/28 MP: 5/5
   243 | D:1      | Reached skill level 2 in Maces & Flails
   356 | D:1      | Reached XP level 3. HP: 22/35 MP: 3/6
   548 | D:2      | Reached skill level 3 in Maces & Flails
   605 | D:2      | Found a burning altar of Makhleb.
   605 | D:2      | Noticed an Executioner
   610 | D:2      | Noticed a hellwing
   610 | D:2      | Noticed a neqoxec
   612 | D:2      | Became a worshipper of Makhleb the Destroyer
   738 | D:2      | Noticed Sigmund
   864 | D:2      | Reached skill level 4 in Maces & Flails
   886 | D:2      | Reached XP level 4. HP: 17/42 MP: 1/7
  1089 | D:3      | Noticed Leszczynek's ghost (amateur OgNe)
  1450 | D:4      | Reached skill level 5 in Maces & Flails
  1552 | D:4      | Reached * piety under Makhleb
  1618 | D:4      | Noticed Leszczynek's ghost (amateur OgNe)
  1672 | D:5      | Entered Level 5 of the Dungeon
  1672 | D:5      | Found a shimmering altar of Xom.
  1672 | D:5      | Noticed an angel
  1684 | D:5      | Reached XP level 5. HP: 30/49 MP: 8/8
  1733 | D:5      | Noticed a centaur
  1737 | D:5      | Killed a centaur
  1737 | D:5      | Reached skill level 6 in Maces & Flails
  1738 | D:5      | Noticed a centaur
  1738 | D:5      | Noticed an ogre
  1738 | D:5      | HP: 3/49 [centaur (6)]
  1739 | D:5      | HP: 1/73 [centaur (3)]
  1741 | D:5      | Slain by a centaur

Vault maps used:
D:1:      evilmike_arrival_home_sweet_home
D:2:      makhleb_altar_promises_db, uniq_sigmund
D:3:      minitemple, minmay_distorted
D:4:      first_bread
D:5:      grunt_temple_overflow_order_and_chaos_1, elyvilon_altar_4,
          kennysheep_generic_room_7

Skill      XL: |  1  2  3  4  5 |
---------------+----------------+-----
Fighting       | 1 |  1.6
Maces & Flails | 1 2 4 5 6 |  6.8
Dodging        | |  1.7
Stealth        | |  1.5
Spellcasting   | |  2.4
Necromancy     | |  2.9

Action                   |  1- 3 |  4- 6 || total
-------------------------+-------+-------++-------
Melee: Spear             |    60 |       ||    60
       Whip              |    18 |    76 ||    94
 Cast: Pain              |    23 |    18 ||    41
       Animate Skeleton  |     4 |     8 ||    12
Evoke: Wand              |       |     2 ||     2
  Use: Scroll            |       |     6 ||     6
       Potion            |       |     2 ||     2
 Stab: Sleeping          |     4 |       ||     4
       Distracted        |       |     1 ||     1
  Eat: Chunk             |     1 |     3 ||     4
       Beef jerky        |       |     1 ||     1
Armor: Robe              |    14 |    20 ||    34
       Skin              |       |     2 ||     2
Dodge: Dodged            |    44 |    40 ||    84
